 Dungeon Crawl Stone Soup version 0.17.0-28-g6e173f8 (webtiles) character file.

375 fredomojojo the Ruffian (level 6, -8/61 HPs)
             Began as a Troll Monk on Nov 23, 2015.
             Mangled by bollicks1999's ghost (11 damage)
             ... on level 3 of the Dungeon.
             The game lasted 00:24:29 (2040 turns).

fredomojojo the Ruffian (Troll Monk)                Turns: 2040, Time: 00:24:29

Health: -8/61      AC:  5    Str: 21    XL:     6   Next: 44%
Magic:  5/5        EV: 11    Int:  6    God:
Gold:   148        SH:  0    Dex: 13    Spells: 0 memorised, 5 levels left

rFire  x . .     SeeInvis .       - Unarmed
rCold  + . .     Clarity  .     u - +0 robe {MR+}
rNeg   . . .     SustAt   .     (no shield)
rPois  .         Gourm    +     (helmet restricted)
rElec  .         Spirit   .     (no cloak)
rCorr  .         Warding  .     (gloves unavailable)
rMut   +         Stasis   .     (boots unavailable)
MR     ++...                    i - amulet of resist mutation
Stlth  ++........               n - ring of protection from magic
                                z - ring of ice

@: very resistant to hostile enchantments, unstealthy
A: unfitting armour, claws 3, fast metabolism 3, gourmand, regeneration 2,
shaggy fur 1, tough skin 2
a: no special abilities


You were on level 3 of the Dungeon.
You were hungry.

You visited 1 branch of the dungeon, and saw 4 of its levels.

You collected 148 gold pieces.

Inventory:

Missiles
 c - 33 stones
 o - 4 steel tomahawks (quivered)
Armour
 a - a +1 robe
 u - a +0 robe of magic resistance (worn)
Jewellery
 i - an amulet of resist mutation (around neck)
 k - an uncursed ring of wizardry
 n - a ring of protection from magic (right claw)
 z - a ring of ice (left claw)
Wands
 x - a wand of slowing (19)
Scrolls
 d - a scroll of immolation {unknown}
 l - 2 scrolls of remove curse
 m - 3 scrolls of teleportation
 q - a scroll of fog {unknown}
 t - a scroll of fear {unknown}
 w - 2 scrolls of identify
 y - a scroll of blinking {unknown}
 A - a scroll of noise {unknown}
Potions
 e - a potion of heal wounds {unknown}
 f - 2 potions of curing
 j - a potion of brilliance {unknown}
 p - a potion of flight {unknown}
 r - a potion of lignification {unknown}
 s - a potion of might {unknown}
Comestibles
 b - 4 bread rations
 g - a slice of pizza
 h - 2 beef jerkies
 v - a meat ration


   Skills:
 + Level 3.5 Fighting
 + Level 0.6 Throwing
 + Level 4.0 Dodging
 + Level 1.5 Stealth
 + Level 5.5 Unarmed Combat


You had 5 spell levels left.
You didn't know any spells.

Dungeon Overview and Level Annotations

Branches:
Dungeon (4/15)
 Temple: D:4-7

Altars:

Portals:
Sewer: D:3

Annotations:
D:3 bollicks1999's ghost, amateur FoFi


Innate Abilities, Weirdness & Mutations

You are too large for most types of armour.
You have claws for hands.
Your metabolism is lightning-fast.
You like to eat raw meat.
You heal very quickly.
You are covered in fur (AC +1).
You have very tough skin (AC +2).


Message History

You scratch bollicks1999's ghost but do no damage.
Bollicks1999's ghost is severely damaged.
Bollicks1999's ghost closely misses you.
You barely miss bollicks1999's ghost.
Bollicks1999's ghost is severely damaged.
Bollicks1999's ghost hits you!
* * * LOW HITPOINT WARNING * * *
You scratch bollicks1999's ghost.
Bollicks1999's ghost is almost destroyed.
You scratch bollicks1999's ghost.
Bollicks1999's ghost is almost destroyed.
Bollicks1999's ghost closely misses you.
You scratch bollicks1999's ghost but do no damage.
Bollicks1999's ghost is almost destroyed.
Bollicks1999's ghost hits you!
* * * LOW HITPOINT WARNING * * *
You scratch bollicks1999's ghost but do no damage.
Bollicks1999's ghost is almost destroyed.
Bollicks1999's ghost hits you!
You die...

#########.$. #.#
## #######.# ##.
## #.......#
#.#.. .#
#.####### #... .#
#.# #... .#
#.########.# #...
.# # #.........##
#... .#
#.##.##...#.#.#
#... ##
#..@W....(#.#..
#...
####.##...#.#.#
#.#.
#)###>##.#.##.###
###### #.#
#.##.#.##.###
.....#
#.###......##....
####.#
#.#........######
#.# #....###.#.#
#.#####
#..#..##.#.#
#.....#
#.###....#.#


You could see bollicks1999's ghost.

Vanquished Creatures
  Sigmund (D:2)
  A centaur (D:3)
  An orc wizard (D:3)
  3 adders (D:2)
  A river rat (D:2)
  A worm (D:2)
  2 giant geckos
  2 orcs (D:3)
  6 hobgoblins
  4 jackals (D:2)
  4 kobolds
  2 ball pythons (D:2)
  9 bats
  6 giant cockroaches
  3 giant newts
  8 goblins
  2 quokkas (D:2)
  6 rats
62 creatures vanquished.

Vanquished Creatures (others)
  A hobgoblin (D:3)
1 creature vanquished.

Grand Total: 63 creatures vanquished

Notes
Turn   | Place    | Note
--------------------------------------------------------------
     0 | D:1      | fredomojojo the Troll Monk began the quest for the Orb.
     0 | D:1      | Reached XP level 1. HP: 22/22 MP: 0/0
   251 | D:1      | Reached XP level 2. HP: 29/29 MP: 1/1
   871 | D:2      | Reached XP level 3. HP: 36/36 MP: 2/2
  1148 | D:2      | Reached XP level 4. HP: 42/44 MP: 3/3
  1205 | D:2      | Noticed Sigmund
  1250 | D:2      | Killed Sigmund
  1250 | D:2      | Reached skill level 5 in Unarmed Combat
  1250 | D:2      | Reached XP level 5. HP: 23/53 MP: 4/4
  1331 | D:3      | Found a glowing drain.
  1335 | D:3      | Noticed bollicks1999's ghost (amateur FoFi)
  1546 | D:3      | Noticed a centaur
  1550 | D:3      | Killed a centaur
  1550 | D:3      | Reached XP level 6. HP: 61/61 MP: 5/5
  2039 | D:3      | HP: 2/61 [bollicks1999's ghost (13)]
  2040 | D:3      | Mangled by bollicks1999's ghost

Action                   |  1- 3 |  4- 6 || total
-------------------------+-------+-------++-------
Melee: Unarmed           |   108 |    74 ||   182
Throw: Stone             |     3 |       ||     3
       Tomahawk          |     3 |     1 ||     4
  Use: Scroll            |     2 |     2 ||     4
       Potion            |     1 |       ||     1
 Stab: Sleeping          |     1 |     1 ||     2
  Eat: Chunk             |    12 |     3 ||    15
